 Dungeon Crawl Stone Soup version 0.30-a0-166-g5d06c95188 (webtiles) character file.

Game seed: 4836663420732263452

829 Malachi the Slasher (level 7, -3/56 HPs)
             Began as a Gnoll Reaver on Sept 29, 2022.
             Was a Priest of Jiyva.
             Slain by an ogre
             ... wielding a +0 giant club
              (7 damage)
             ... on level 5 of the Dungeon.
             The game lasted 00:04:39 (2966 turns).

Malachi the Slasher (Gnoll Reaver)                  Turns: 2966, Time: 00:04:40

Health: -3/56      AC:  5    Str: 15    XL:     7   Next: 97%
Magic:  24/24      EV: 13    Int: 12    God:    Jiyva [***...]
Gold:   116        SH:  0    Dex: 11    Spells: 16/17 levels left

rFire   + . .      SeeInvis .    m - +7 falchion "Ameris" {vorpal, rCorr MP+9}
rCold   . . .      Faith    .    (no shield)
rNeg    . . .      Spirit   .    b - +0 leather armour
rPois   .          Reflect  .    (no helmet)
rElec   .          Harm     .    (no cloak)
rCorr   +          Rampage  .    (no gloves)
Will    .....                    (no boots)
Stlth   ++........               (no amulet)
HPRegen 1.30/turn                e - ring of protection from fire
MPRegen 0.54/turn                l - +4 ring of protection

@: no status effects
A: fangs 1, strong nose, distributed training, strong 1, pseudopods 3
a: Renounce Religion, Oozemancy


You were on level 5 of the Dungeon.
You worshipped Jiyva.
Jiyva was most pleased with you.
You visited 1 branch of the dungeon, and saw 5 of its levels.

You collected 116 gold pieces.

Inventory:

Hand Weapons
 m - the +7 falchion "Ameris" (weapon) {vorpal, rCorr MP+9}
   (You found it on level 2 of the Dungeon)

   It inflicts extra damage upon your enemies.
   MP:        It affects your magic capacity (+9).
   rCorr:     It protects you from acid and corrosion.
 q - a +3 rapier of flaming
Missiles
 f - 5 javelins
 n - 3 curare-tipped darts
Armour
 b - a +0 leather armour (worn)
 o - a +0 chain mail of cold resistance
Jewellery
 e - a ring of protection from fire (left hand)
 l - a +4 ring of protection (right hand)
Scrolls
 a - a scroll of identify
 d - a scroll of poison
 g - a scroll of fear
 h - a scroll of immolation
Potions
 c - 2 potions of haste
 i - 2 potions of curing {unknown}
 j - a potion of resistance {unknown}
 k - 2 potions of attraction {unknown}
 p - 2 potions of heal wounds


   Skills:
 + Level 5.5 Fighting
 + Level 2.9 Short Blades
 + Level 7.2 Long Blades
 + Level 2.9 Axes
 + Level 2.9 Maces & Flails
 + Level 2.9 Polearms
 + Level 2.9 Staves
 + Level 2.9 Ranged Weapons
 + Level 2.9 Throwing
 + Level 2.9 Armour
 + Level 5.5 Dodging
 + Level 2.9 Stealth
 + Level 2.9 Shields
 + Level 2.9 Unarmed Combat
 + Level 5.8 Spellcasting
 + Level 6.0 Conjurations
 + Level 2.3 Hexes
 + Level 2.3 Summonings
 + Level 2.3 Necromancy
 + Level 2.3 Translocations
 + Level 2.3 Transmutations
 + Level 2.3 Fire Magic
 + Level 2.3 Ice Magic
 + Level 2.3 Air Magic
 + Level 2.3 Earth Magic
 + Level 2.3 Poison Magic
 + Level 3.2 Invocations
 + Level 2.9 Evocations


You had 16 spell levels left.
You knew the following spells:

 Your Spells              Type           Power      Damage    Failure   Level
a - Kiss of Death         Conj/Necr      52%        2d9       4%          1

Your spell library contained the following spells:

 Spells                   Type           Power      Damage    Failure   Level
 Magic Dart               Conj           72%        1d6       1%          1
 Searing Ray              Conj           36%        2d5       2%          2
 Foxfire                  Conj/Fire      52%        2x1d6     4%          1
 Momentum Strike          Conj/Tloc      26%        3d8       6%          2
 Hailstorm                Conj/Ice       13%        3d5       12%         3
 Fulminant Prism          Conj/Hex       6%         3d7       36%         4
 Fireball                 Conj/Fire      6%         3d5       73%         5
 Starburst                Conj/Fire      6%         6d4       99%         6


Dungeon Overview and Level Annotations

Branches:
Dungeon (5/15)
 Temple: D:4-7

Altars:
Kikubaaqudgha
Trog
Uskayaw
Jiyva


Innate Abilities, Weirdness & Mutations

You have very sharp teeth.
Your uncanny sense of smell can sniff out nearby items.
Your experience applies equally to all skills.
Your muscles are strong. (Str +4, Int/Dex -1)
Armour fits poorly on your massive pseudopods.


Message History

There is an open door here.
You hear a distant slurping noise.
You hear a distant slurping noise.
Key pressed, stopping explore.
A dart slug comes into view.
A dart slug is nearby!
A dart slug is nearby!
The helpless dart slug fails to defend itself.
You slash the dart slug!
You bite the dart slug, but do no damage.
The dart slug is almost dead.
The dart slug launches a dart at you.
The slug dart hits you but does no damage.
You slash the dart slug!
You kill the dart slug!
No target in view!
You hear a slurping noise.
There is an open door here.
Jiyva alters your body. Pseudopods emerge from your body.
Your pseudopods grow in size. x2
You feel stronger.
An ogre comes into view. It is wielding a +0 giant club.
An ogre is nearby!
An ogre is nearby!
An ogre is nearby!
The ogre shouts!
The ogre hits you with a +0 giant club!!
You hit the ogre.
The ogre is moderately wounded.
You barely miss the ogre.
The ogre is moderately wounded.
The ogre hits you with a +0 giant club!!
Ouch! That really hurt!
* * * LOW HITPOINT WARNING * * *
You are too injured to fight recklessly!
You are too injured to fight recklessly!
You slash the ogre!
The ogre is severely wounded.
The ogre hits you with a +0 giant club!
You die...

##+##### #...#####
#......# #........
#.O....# .#........
#.@....# .#......
#......# .#.....
#......#
.#...##########......#
##...#...............#
##...#...............#
.....#...............#
.....#...............#
###.##...............#


You could see an ogre.

Vanquished Creatures
  Pikel (D:5)
  Duvessa (D:4)
  An ogre (D:4)
  Dowan (D:4)
  A hound (D:5)
  An orc priest (D:3)
  3 gnolls (D:5)
  2 adders
  3 dart slugs
  5 orcs
  2 ball pythons (D:3)
  8 bats
  2 endoplasms (D:1)
  A giant cockroach (D:1)
  4 goblins
  7 hobgoblins
  7 jackals (D:3)
  3 quokkas (D:1)
  2 frilled lizards (D:2)
  6 kobolds
  8 rats
69 creatures vanquished.

Vanquished Creatures (others)
  5 jellies (D:5)
  A hound (D:2)
  An orc priest (D:5)
  2 iguanas
  An orc wizard (D:5)
  An adder (D:5)
  A worm (D:4)
  2 orcs (D:5)
  A quokka (D:2)
  A ball python (D:2)
  3 rats
  A fungus (D:1)
  A plant (D:1)
21 creatures vanquished.

Grand Total: 90 creatures vanquished

Notes
Turn   | Place    | Note
-------+----------+-------------------------------------------
     0 | D:1      | Malachi the Gnoll Reaver began the quest for the Orb.
     0 | D:1      | Reached XP level 1. HP: 20/20 MP: 6/6
   222 | D:1      | Reached XP level 2. HP: 23/26 MP: 7/7
   663 | D:1      | Found a faded altar of an unknown god.
   671 | D:1      | Got Plato's Almanac of Striking
   672 | D:1      | Prayed at the altar of an unknown god.
   672 | D:1      | Became a worshipper of Jiyva Juelaf the Shapeless
   672 | D:1      | Reached * piety under Jiyva
  1016 | D:2      | Reached skill level 5 in Spellcasting
  1016 | D:2      | Reached XP level 3. HP: 31/31 MP: 7/9
  1165 | D:2      | Found an ancient bone altar of Kikubaaqudgha.
  1224 | D:2      | Identified the +7 falchion "Ameris" {vorpal, rCorr MP+9}
  1469 | D:3      | Reached skill level 1 in Invocations
  1507 | D:3      | Reached skill level 1 in Short Blades
  1507 | D:3      | Reached skill level 1 in Axes
  1507 | D:3      | Reached skill level 1 in Maces & Flails
  1507 | D:3      | Reached skill level 1 in Polearms
  1507 | D:3      | Reached skill level 1 in Staves
  1507 | D:3      | Reached skill level 1 in Ranged Weapons
  1507 | D:3      | Reached skill level 1 in Throwing
  1507 | D:3      | Reached skill level 1 in Armour
  1507 | D:3      | Reached skill level 1 in Stealth
  1507 | D:3      | Reached skill level 1 in Shields
  1507 | D:3      | Reached skill level 1 in Unarmed Combat
  1507 | D:3      | Reached skill level 1 in Evocations
  1507 | D:3      | Reached XP level 4. HP: 37/38 MP: 11/11
  1522 | D:3      | Reached ** piety under Jiyva
  1644 | D:3      | Reached skill level 1 in Hexes
  1644 | D:3      | Reached skill level 1 in Summonings
  1644 | D:3      | Reached skill level 1 in Necromancy
  1644 | D:3      | Reached skill level 1 in Translocations
  1644 | D:3      | Reached skill level 1 in Transmutations
  1644 | D:3      | Reached skill level 1 in Fire Magic
  1644 | D:3      | Reached skill level 1 in Ice Magic
  1644 | D:3      | Reached skill level 1 in Air Magic
  1644 | D:3      | Reached skill level 1 in Earth Magic
  1644 | D:3      | Reached skill level 1 in Poison Magic
  1728 | D:3      | Found a hide-covered altar of Uskayaw.
  1867 | D:4      | Noticed Dowan
  1871 | D:4      | Noticed an ogre
  1877 | D:4      | Killed an ogre
  1878 | D:4      | Reached XP level 5. HP: 40/43 MP: 12/12
  1885 | D:4      | Killed Dowan
  1886 | D:4      | Reached XP level 6. HP: 48/50 MP: 13/13
  1924 | D:4      | Noticed Duvessa
  1936 | D:4      | Killed Duvessa
  1937 | D:4      | Reached skill level 5 in Fighting
  1937 | D:4      | Reached skill level 5 in Dodging
  2210 | D:4      | Noticed a moth of wrath
  2213 | D:4      | Found a bloodstained altar of Trog.
  2249 | D:4      | Reached *** piety under Jiyva
  2551 | D:5      | Entered Level 5 of the Dungeon
  2675 | D:5      | Noticed Pikel
  2693 | D:5      | Killed Pikel
  2694 | D:5      | Reached skill level 7 in Long Blades
  2694 | D:5      | Reached XP level 7. HP: 13/56 MP: 15/15
  2930 | D:5      | Gained mutation: Armour fits poorly on your pseudopods.
                  | [Jiyva's grace]
  2930 | D:5      | Gained mutation: Armour fits poorly on your large
                  | pseudopods. [Jiyva's grace]
  2930 | D:5      | Gained mutation: Armour fits poorly on your massive
                  | pseudopods. [Jiyva's grace]
  2930 | D:5      | Gained mutation: Your muscles are strong. (Str +4, Int/Dex
                  | -1) [Jiyva's grace]
  2966 | D:5      | Slain by an ogre

Illustrated notes

Levels and vault maps discovered:
D:1:      lordsloth_arrival_two_stooges, layout_basic,
          shapermc_ecumenical_altar_rom_forum
D:2:      layout_rooms, basic_altar, minmay_cupped
D:3:      layout_basic, eat_drink_and_be_merry_uskayaw,
          kennysheep_cross_bottleneck
D:4:      layout_rooms, tgw_trog, nicolae_overflow_hidden_temple, uniq_duvessa
D:5:      layout_gridville, st_stairs_9, uniq_ijyb, uniq_eustachio, uniq_pikel

Skill      XL: |  1  2  3  4  5  6 |
---------------+-------------------+-----
Spellcasting   | 5 |  5.8
Invocations    | 1 2 3 |  3.2
Short Blades   | 1 2 |  2.9
Axes           | 1 2 |  2.9
Maces & Flails | 1 2 |  2.9
Polearms       | 1 2 |  2.9
Staves         | 1 2 |  2.9
Ranged Weapons | 1 2 |  2.9
Throwing       | 1 2 |  2.9
Armour         | 1 2 |  2.9
Stealth        | 1 2 |  2.9
Shields        | 1 2 |  2.9
Unarmed Combat | 1 2 |  2.9
Evocations     | 1 2 |  2.9
Hexes          | 1 2 |  2.3
Summonings     | 1 2 |  2.3
Necromancy     | 1 2 |  2.3
Translocations | 1 2 |  2.3
Transmutations | 1 2 |  2.3
Fire Magic     | 1 2 |  2.3
Ice Magic      | 1 2 |  2.3
Air Magic      | 1 2 |  2.3
Earth Magic    | 1 2 |  2.3
Poison Magic   | 1 2 |  2.3
Fighting       | 5 |  5.5
Dodging        | 5 |  5.5
Long Blades    | 7 |  7.2
Conjurations   | 6 |  6.0

Action                   |  1- 3 |  4- 6 |  7- 9 || total
-------------------------+-------+-------+-------++-------
Melee: Falchion          |    90 |    88 |     5 ||   183
       Bite              |     7 |     7 |     1 ||    15
       Punch             |     1 |     2 |       ||     3
 Cast: Kiss of Death     |       |     5 |       ||     5
  Use: Scroll            |     2 |     3 |       ||     5
 Stab: Sleeping          |     1 |     1 |     1 ||     3
Armor: Leather armour    |    27 |    22 |     1 ||    50
Dodge: Dodged            |    44 |    57 |       ||   101

Table legend: (Time is in decaauts)
 A = Elapsed time spent in this place.
 B = Non-inter-level travel time spent in this place.
 C = Inter-level travel time spent in this place.
 D = Time resting spent in this place.
 E = Time spent auto-exploring this place.
 F = Levels seen in this place.
 G = Mean time per level.
                   A        B        C        D        E       F      G
               +--------+--------+--------+--------+--------+-----+--------+
         Total |   2959 |   2821 |    138 |    269 |   1998 |   5 |  591.8 |
       Dungeon |   2959 |   2821 |    138 |    269 |   1998 |   5 |  591.8 |
               +--------+--------+--------+--------+--------+-----+--------+

Top non-repeatable levels by time:
     D:1: 947 daAuts
     D:4: 685 daAuts
     D:3: 461 daAuts
     D:2: 452 daAuts
     D:5: 412 daAuts
